 Dungeon Crawl Stone Soup version 0.30-a0-476-g330ca2eb8e (webtiles) character file.

Game seed: 9177713503360758820

4546 oldriver the Covert (level 10, -1/94 HPs)
             Began as a Naga Warper on Dec 21, 2022.
             Was a Follower of Wu Jian.
             Slain by a death yak (5 damage)
             ... on level 2 of the Lair of Beasts.
             The game lasted 00:26:31 (10896 turns).

oldriver the Covert (Naga Warper)                  Turns: 10896, Time: 00:26:32

Health: -1/94      AC: 10    Str: 14    XL:     10   Next: 40%
Magic:  22/22      EV:  9    Int: 14    God:    Wu Jian [*.....]
Gold:   575        SH:  0    Dex: 14    Spells: 11/13 levels left

rFire   . . .      SeeInvis +    u - +2 dagger (venom)
rCold   . . .      Faith    .    (no shield)
rNeg    . . .      Spirit   .    b - +1 leather armour
rPois   +          Reflect  .    (no helmet)
rElec   .          Harm     .    E - +0 cloak
rCorr   .          Rampage  .    (no gloves)
Will    +....                    (no barding)
Stlth   ++++......               g - amulet of magic regeneration
HPRegen 0.35/turn                f - +4 ring of protection
MPRegen 0.58/turn                s - ring of magical power

@: very slow
A: AC +3, large, see invisible, deformed body, poison resistance, slowness 2,
spit poison 1, naga tail 1
a: Spit Poison, Renounce Religion


You were on level 2 of the Lair of Beasts.
You worshipped Wu Jian.
Wu Jian was aware of your devotion.
You visited 3 branches of the dungeon, and saw 12 of its levels.
You also visited: Sewer.

You collected 575 gold pieces.

Inventory:

Hand Weapons
 u - a +2 dagger of venom (weapon)
Missiles
 d - 7 boomerangs of dispersal
 m - 6 javelins
 A - a curare-tipped dart
 M - 4 boomerangs
Armour
 b - a +1 leather armour (worn)
 E - a +0 cloak (worn)
Jewellery
 a - an amulet of faith
 f - a +4 ring of protection (left hand)
 g - an amulet of magic regeneration (around neck)
 s - a ring of magical power (right hand)
 x - a ring of flight
Wands
 k - a wand of mindburst (22)
 q - a wand of polymorph (7)
 r - a wand of iceblast (6)
Scrolls
 c - 2 scrolls of blinking
 t - a scroll of amnesia
 v - 2 scrolls of vulnerability
 w - 3 scrolls of teleportation
 y - a scroll of silence
 C - a scroll of enchant armour
 D - a scroll of butterflies
 K - a scroll of identify
Potions
 e - 2 potions of attraction
 h - 2 potions of mutation {unknown}
 i - 4 potions of curing
 j - 6 potions of flight
 l - a potion of invisibility {unknown}
 n - 2 potions of degeneration
 o - 2 potions of cancellation {unknown}
 p - 3 potions of resistance
 z - a potion of brilliance
 B - a potion of heal wounds
 G - 2 potions of haste {unknown}
 J - a potion of berserk rage {unknown}


   Skills:
 + Level 7.2 Fighting
 * Level 9.9 Short Blades
 - Level 2.0 Throwing
 - Level 0.7 Armour
 - Level 1.5 Dodging
 + Level 10.8 Stealth
 - Level 2.0 Spellcasting
 - Level 3.0 Translocations
 - Level 5.0 Evocations


You had 11 spell levels left.
You knew the following spells:

 Your Spells              Type           Power      Damage    Failure   Level
a - Blink                 Tloc           18%        N/A       13%         2

Your spell library contained the following spells:

 Spells                   Type           Power      Damage    Failure   Level
 Apportation              Tloc           18%        N/A       9%          1
 Lesser Beckoning         Tloc           18%        N/A       26%         3
 Teleport Other           Tloc           9%         N/A       26%         3
 Foxfire                  Conj/Fire      4%         2x1d4     30%         1
 Kiss of Death            Conj/Necr      4%         2d5       30%         1
 Necrotise                Necr           4%         1d4       30%         1
 Summon Small Mammal      Summ           4%         N/A       30%         1
 Static Discharge         Conj/Air       2%         2-3/arc   41%         2
 Sublimation of Blood     Necr           1%         N/A       41%         2
 Wereblood                Tmut           1%         N/A       41%         2
 Vhi's Electric Charge    Tloc/Air       10%        N/A       43%         3
 Confusing Touch          Hex            1%         N/A       65%         3
 Ignite Poison            Fire/Tmut/Pois 1%         N/A       65%         3
 Manifold Assault         Tloc           9%         N/A       65%         4
 Dispel Undead            Necr           1%         3d6       96%         4
 Sticky Flame             Conj/Fire      1%         2d3       96%         4
 Arcjolt                  Conj/Air       0%         1d10      100%        5
 Fireball                 Conj/Fire      0%         3d3       100%        5
 Lightning Bolt           Conj/Air       0%         1d11      100%        5
 Starburst                Conj/Fire      0%         6d3       100%        6
 Summon Hydra             Summ           0%         N/A       100%        7
 Ignition                 Fire           0%         3d3       100%        8


Dungeon Overview and Level Annotations

Branches:
Dungeon (9/15)             Temple (1/1) D:6            Lair (2/5) D:8
  Sewer (visited)
  Swamp: Lair:2-3    Shoals: Lair:2-3     Snake: Lair:2-3    Spider: Lair:2-3
    Orc: D:9-12

Altars:
Ashenzari
Cheibriados
Dithmenos
Elyvilon
Fedhas
Gozag
Hepliaklqana
Kikubaaqudgha
Makhleb
Nemelex Xobeh
Qazlal
Sif Muna
Trog
Uskayaw
Vehumet
Wu Jian
Xom
Yredelemnul
Zin
The Shining One

Annotations:
Lair:1 Joseph


Innate Abilities, Weirdness & Mutations

Your serpentine skin is tough. (AC +3)
You have supernaturally acute eyesight. (SInv)
Armour fits poorly on your strangely shaped body.
Your system is resistant to poisons. (rPois)
You cover ground very slowly.
You can spit poison.
You have a snake-like lower body.


Message History

Press: ? - help, Shift-Dir - straight line, f/p - death yak
Aim: a death yak (heavily wounded, extremely poisoned, 88% to hit)
The splash of poison hits the death yak.
The death yak looks as sick as possible!
The death yak is heavily wounded.
The death yak gores you but does no damage.
You hit the death yak.
The death yak looks as sick as possible!
The death yak is severely wounded.
You hit the death yak but do no damage.
The death yak looks as sick as possible!
The death yak is severely wounded.
The death yak gores you.
You hit the death yak but do no damage.
The death yak looks as sick as possible!
The death yak is severely wounded.
You hit the death yak but do no damage.
The death yak is severely wounded.
The death yak gores you!
* * * LOW HITPOINT WARNING * * *
You hit the death yak.
The death yak looks as sick as possible!
The death yak is almost dead.
You completely miss the death yak.
The death yak is almost dead.
You have got your breath back.
The death yak gores you.
* * * LOW HITPOINT WARNING * * *
You hit the death yak but do no damage.
The death yak looks as sick as possible!
The death yak is almost dead.
You hit the death yak but do no damage.
The death yak looks as sick as possible!
The death yak is almost dead.
The death yak gores you!
* * * LOW HITPOINT WARNING * * *
The death yak attacks as you move away! The death yak gores you!
* * * LOW HITPOINT WARNING * * *
The death yak gores you.
You die...

#.....
......
.....#
.....##
##....#
#.....##
#.....#
#...@##
##..YP#
#....<#
##P...#
##P..#
#.$..
......
#.#...#
#######


You could see a death yak (extremely poisoned).

Vanquished Creatures
  Amaemon (D:8)
  An orange demon (D:8)
  A hornet (D:8)
  Grinder (D:4)
  A wyvern (D:9)
  A yak (D:8)
  A steam dragon (D:8)
  Menkaure (D:4)
  2 water moccasins
  An orc warrior (D:8)
  3 centaurs
  2 ogres
  A kobold brigand (D:8)
  2 necrophages (D:5)
  6 bullfrogs
  7 scorpions
  2 jellies (D:8)
  3 orc priests
  2 gnoll boudas
  5 hounds
  4 iguanas
  3 orc wizards
  Ijyb (D:3)
  11 gnolls
  11 adders
  7 river rats (Sewer)
  2 shadow imps
  3 white imps
  2 ufetubi
  5 worms
  2 dart slugs
  26 orcs
  18 ball pythons
  A bat zombie (D:4)
  6 endoplasms
  6 giant cockroaches
  4 goblins
  11 hobgoblins
  7 jackals
  12 kobolds
  6 quokkas
  7 bats
  4 frilled lizards
  6 rats
  5 rat zombies (D:4)
214 creatures vanquished.

Vanquished Creatures (others)
  26 fungi
  17 plants
  6 withered plants (Lair:1)
49 creatures vanquished.

Grand Total: 263 creatures vanquished

Notes
Turn   | Place    | Note
-------+----------+-------------------------------------------
     0 | D:1      | oldriver the Naga Warper began the quest for the Orb.
     0 | D:1      | Reached XP level 1. HP: 19/19 MP: 3/3
   194 | D:1      | Reached skill level 1 in Stealth
   385 | D:1      | Reached XP level 2. HP: 13/26 MP: 5/5
   793 | D:1      | Reached skill level 2 in Stealth
   796 | D:1      | Learned a level 2 spell: Blink
  1169 | D:2      | Reached XP level 3. HP: 27/33 MP: 6/6
  1402 | D:2      | Reached skill level 3 in Stealth
  2174 | D:3      | Reached XP level 4. HP: 40/40 MP: 7/7
  2252 | D:3      | Reached skill level 4 in Stealth
  2278 | D:3      | Found a glowing drain.
  2305 | Sewer    | Entered a sewer
  2361 | Sewer    | Reached XP level 5. HP: 48/48 MP: 8/8
  2740 | Sewer    | Reached skill level 5 in Stealth
  3112 | Sewer    | Reached XP level 6. HP: 51/56 MP: 9/9
  3579 | D:3      | Reached skill level 6 in Stealth
  3737 | D:3      | Noticed Ijyb
  3751 | D:3      | Killed Ijyb
  3752 | D:3      | Reached skill level 1 in Throwing
  4538 | D:4      | Reached XP level 7. HP: 44/62 MP: 10/10
  4636 | D:4      | Noticed Menkaure
  4639 | D:4      | Killed Menkaure
  4640 | D:4      | Reached skill level 5 in Short Blades
  4640 | D:4      | Reached skill level 7 in Stealth
  4760 | D:4      | Noticed Grinder
  4762 | D:4      | Paralysed by Grinder for 3 turns
  4770 | D:4      | Killed Grinder
  4771 | D:4      | Reached skill level 1 in Evocations
  5020 | D:5      | Entered Level 5 of the Dungeon
  5044 | D:5      | Reached skill level 8 in Stealth
  5044 | D:5      | Reached XP level 8. HP: 52/71 MP: 11/11
  5415 | D:4      | Found an ancient bone altar of Kikubaaqudgha.
  6021 | D:5      | Reached skill level 9 in Stealth
  6679 | D:6      | Reached skill level 5 in Fighting
  6707 | D:6      | Found a white marble altar of Elyvilon.
  6820 | D:6      | Found a staircase to the Ecumenical Temple.
  6990 | Temple   | Entered the Ecumenical Temple
  7179 | Temple   | Became a worshipper of the Wu Jian Council
  7367 | D:6      | Found a faded altar of an unknown god.
  7367 | D:6      | Found a hazy altar of Hepliaklqana.
  7369 | D:6      | Found a faded altar of an unknown god.
  7421 | D:7      | Reached XP level 9. HP: 81/81 MP: 12/12
  8079 | D:7      | Reached * piety under Wu Jian
  8556 | D:8      | Noticed a hornet
  8564 | D:8      | Killed a hornet
  8627 | D:8      | Noticed an orange demon
  8633 | D:8      | Noticed Amaemon
  8669 | D:8      | Killed an orange demon
  9041 | D:9      | Reached skill level 10 in Stealth
  9041 | D:9      | Reached skill level 5 in Evocations
  9041 | D:9      | Reached XP level 10. HP: 59/92 MP: 13/13
  9213 | D:8      | Found a shimmering blue altar of Sif Muna.
  9873 | D:8      | Killed Amaemon
 10461 | D:8      | Found a staircase to the Lair.
 10658 | Lair:1   | Entered Level 1 of the Lair of Beasts
 10687 | Lair:1   | Noticed a death yak
 10801 | Lair:1   | Noticed a cane toad
 10855 | Lair:1   | Noticed Joseph
 10855 | Lair:1   | Noticed a death yak
 10856 | Lair:1   | Noticed a death yak
 10862 | Lair:1   | Noticed a death yak
 10896 | Lair:2   | HP: 3/94 [death yak (9)]
 10896 | Lair:2   | Slain by a death yak

Illustrated notes

Levels and vault maps discovered:
D:1:      dpeg_arrival_pits, layout_basic
D:2:      layout_basic, minivault_5
D:3:      layout_rooms, cheibrodos_sewer_entry_bend, uniq_ijyb
D:4:      layout_cave_pools, lemuel_zombie_altar_kikubaaqudgha,
          grunt_ministairs_9, hangedman_decor_slide_cut, uniq_menkaure,
          uniq_grinder
D:5:      layout_basic
D:6:      layout_rooms, nicolae_hepliaklqana_ecumenical_no_more,
          mainiacjoe_overflow_boulevard, minmay_temple_entry_arrows,
          nicolae_ossuary_entry_monument, minmay_misc_feat_x
D:7:      layout_basic
D:8:      layout_basic, kennysheep_little_box, grunt_lair_entry_orc_guard_hut,
          uniq_amaemon
D:9:      layout_roguey, okawaru_altar_gauntlet_db
Temple:   nicolae_temple_bog_church
Lair:1:   layout_chaotic_city, pdpol_lair_neglected_garden, uniq_joseph,
          uniq_urug
Lair:2:   layout_hall_layers, spider_nest_entry_a, special_room
          [special_room_bee], grunt_megastairs_1

Skill      XL: |  1  2  3  4  5  6  7  8  9 10 |
---------------+-------------------------------+-----
Stealth        | 1 2 3 4 5 6 8 9 10 | 10.8
Short Blades   | 3 4 5 7 9 |  9.9
Fighting       | 3 4 5 6 7 |  7.2
Throwing       | 1 2 |  2.0
Evocations     | 1 3 5 |  5.0
Armour         | |  0.7
Dodging        | |  1.5
Spellcasting   | |  2.0
Translocations | |  3.0

Action                   |  1- 3 |  4- 6 |  7- 9 | 10-12 || total
-------------------------+-------+-------+-------+-------++-------
Melee: Short sword       |   104 |   204 |   145 |       ||   453
       Punch             |     2 |     4 |     6 |       ||    12
       Dagger            |       |       |   241 |   119 ||   360
Throw: Javelin           |       |     6 |       |       ||     6
Invok: Lunge             |       |       |    16 |     5 ||    21
 Abil: Spit Poison       |    41 |    82 |    67 |    22 ||   212
Evoke: Wand              |       |     2 |    15 |     6 ||    23
  Use: Scroll            |       |    11 |     2 |     4 ||    17
       Potion            |       |     1 |       |     4 ||     5
 Stab: Sleeping          |       |       |     2 |       ||     2
       Distracted        |       |       |     1 |       ||     1
Armor: Leather armour    |    26 |   136 |   144 |    29 ||   335
Dodge: Dodged            |    47 |   150 |   149 |    37 ||   383

Table legend: (Time is in decaauts)
 A = Elapsed time spent in this place.
 B = Non-inter-level travel time spent in this place.
 C = Inter-level travel time spent in this place.
 D = Time resting spent in this place.
 E = Time spent auto-exploring this place.
 F = Levels seen in this place.
 G = Mean time per level.
                   A        B        C        D        E       F      G
               +--------+--------+--------+--------+--------+-----+--------+
         Total |  13117 |  12532 |    585 |   2702 |   6442 |  13 | 1009.0 |
       Dungeon |  11243 |  10689 |    554 |   2458 |   5536 |   9 | 1249.2 |
        Temple |    281 |    251 |     30 |      0 |    233 |   1 |  281.0 |
          Lair |    303 |    303 |      0 |      0 |     35 |   2 |  151.5 |
         Sewer |   1288 |   1288 |      0 |    244 |    638 |   1 | 1288.0 |
               +--------+--------+--------+--------+--------+-----+--------+

Top non-repeatable levels by time:
     D:8: 2124 daAuts
     D:7: 1455 daAuts
     D:2: 1370 daAuts
     D:4: 1360 daAuts
     D:5: 1326 daAuts
     D:3: 1317 daAuts
   Sewer: 1288 daAuts
     D:1: 1268 daAuts
     D:6: 784 daAuts
  Lair:1: 285 daAuts
  Temple: 281 daAuts
     D:9: 235 daAuts
  Lair:2: 18 daAuts
